 Dungeon Crawl Stone Soup version 0.27-a0-1590-g15f69828bf (webtiles) character file.

Game seed: 10122278746294627173

5183 baba the Cleaver (level 10, 0/89 HPs)
             Began as a Minotaur Berserker on July 18, 2021.
             Was a High Priest of Trog.
             Slain by a yak (2 damage)
             ... on level 1 of the Lair of Beasts.
             The game lasted 00:15:40 (9149 turns).

baba the Cleaver (Minotaur Berserker)               Turns: 9149, Time: 00:15:41

Health: 0/89       AC: 11    Str: 23    XL:     10   Next: 34%
Magic:  9/9        EV: 10    Int: 16    God:    Trog [*****.]
Gold:   271        SH:  0    Dex: 12    Spells: 9/9 levels left

rFire    . . .     SeeInvis .   p - +2 hand axe (vamp)
rCold    . . .     Faith    .   (no shield)
rNeg     . . .     Spirit   .   A - +0 chain mail
rPois    .         Reflect  .   (helmet restricted)
rElec    .         Harm     .   (no cloak)
rCorr    .         Rampage  .   (no gloves)
Will     .....                  (no boots)
Stlth    ..........             (no amulet)
HPRegen  0.24/turn              g - +6 ring of intelligence
MPRegen  0.11/turn              i - +6 ring of intelligence

@: no status effects
A: horns 2, retaliatory headbutt
a: Renounce Religion, Berserk, Trog's Hand, Brothers in Arms


You were on level 1 of the Lair of Beasts.
You worshipped Trog.
Trog was extremely pleased with you.
You visited 2 branches of the dungeon, and saw 9 of its levels.
You also visited: Sewer.

You collected 436 gold pieces.
You spent 165 gold pieces at shops.

Inventory:

Hand Weapons
 p - a +2 vampiric hand axe (weapon)
 y - a +0 battleaxe
Missiles
 x - a throwing net (quivered)
Armour
 A - a +0 chain mail (worn)
 E - a +0 buckler
Jewellery
 g - a +6 ring of intelligence (left hand)
 i - a +6 ring of intelligence (right hand)
 k - a ring of fire
 s - a ring of protection from cold
Wands
 a - a wand of polymorph (9)
 m - a wand of digging (4)
Scrolls
 c - 6 scrolls of teleportation
 d - 18 scrolls of identify
 h - 2 scrolls of amnesia {unknown}
 j - a scroll of fear {unknown}
 o - 2 scrolls of fog {unknown}
 q - 4 scrolls of magic mapping {unknown}
 r - 2 scrolls of enchant armour {unknown}
 u - a scroll of summoning {unknown}
 B - 3 scrolls of torment {unknown}
Potions
 b - a potion of ambrosia {unknown}
 e - a potion of berserk rage {unknown}
 f - 2 potions of curing
 l - 2 potions of lignification {unknown}
 n - 2 potions of mutation {unknown}
 t - 4 potions of heal wounds {unknown}
 v - a potion of attraction {unknown}
 w - a potion of might {unknown}
 z - 2 potions of resistance
 C - a potion of flight {unknown}
 D - a potion of invisibility {unknown}


   Skills:
 - Level 8.3 Fighting
 + Level 12.6 Axes
 - Level 9.3 Armour
 - Level 5.1 Dodging
 - Level 3.2 Stealth


You had 9 spell levels left.
You didn't know any spells.
Your spell library was empty.

Dungeon Overview and Level Annotations

Branches:
Dungeon (8/15)             Temple (0/1) D:5            Lair (1/6) D:8
  Sewer (visited)

Altars:
Kikubaaqudgha
Nemelex Xobeh
Okawaru
Ru
Vehumet
Wu Jian
Zin

Shops:
D:5 *


Innate Abilities, Weirdness & Mutations

You have a pair of horns on your head.
You reflexively headbutt those who attack you in melee.


Message History

You hit the yak.
You feel better.
The yak is moderately wounded.
The yak gores you!
You hit the yak.
You feel better.
The yak is moderately wounded.
The yak gores you!
* * * LOW HITPOINT WARNING * * *
You closely miss the yak.
The yak is moderately wounded.
You hit the yak but do no damage. You headbutt the yak.
The yak is moderately wounded.
The yak gores you.
* * * LOW HITPOINT WARNING * * *
You slash the yak!
The yak is heavily wounded.
The yak gores you but does no damage.
You hit the yak but do no damage.
The yak is heavily wounded.
The yak gores you but does no damage.
You hit the yak but do no damage.
The yak is heavily wounded.
You hit the yak but do no damage. You headbutt the yak!
The yak is severely wounded.
The yak gores you!
* * * LOW HITPOINT WARNING * * *
You enter the shallow water.
Moving in this stuff is going to be slow.
A water moccasin comes into view.
The yak closely misses you. You furiously retaliate!
You headbutt the yak. The yak gores you but does no damage.
The water moccasin bites you.
* * * LOW HITPOINT WARNING * * *
The yak gores you but does no damage.
The water moccasin bites you but does no damage.
The water moccasin bites you but does no damage.
There is a staircase back to the Dungeon here.
The water moccasin bites you.
* * * LOW HITPOINT WARNING * * *
The yak gores you.
You die...

.........#..........#.#
.........#'.#####.###.#
#+#.#.#.......†.........
.......≈.≈.####.####....
.....≈≈≈≈≈≈.##### #...
...≈≈≈≈≈≈≈≈..# #...
..≈≈≈≈≈≈≈≈≈≈≈# #...
..≈≈≈≈.≈S≈≈≈.## ..
...≈≈≈≈@Y≈≈≈..# .
...≈≈≈≈≈≈≈≈≈.## .
P.≈≈≈≈≈≈≈≈≈≈≈#
....≈≈≈≈≈≈≈≈.#
##..≈≈≈≈≈≈≈.##
##......≈.## #........#
#.........


You could see a yak and a water moccasin.

Vanquished Creatures
  The ghost of Sobieck the Sneak, a novice OpBr (D:4)
  A komodo dragon (D:8)
  Eustachio (D:5)
  10 yaks (Lair:1)
  Edmund (D:6)
  A water moccasin (Lair:1)
  An orc warrior (D:7)
  An ice beast (D:3)
  An ogre (D:6)
  3 centaurs
  7 kobold brigands
  Blork the orc (D:5)
  A gnoll sergeant (D:8)
  5 bullfrogs
  2 scorpions
  2 wyvern skeletons
  6 killer bees (D:7)
  3 howler monkeys (D:8)
  3 orc priests
  2 hounds
  2 jellies
  2 iguanas
  Natasha (thrice) (D:2)
  4 orc wizards
  A killer bee zombie (D:8)
  9 gnolls
  A howler monkey skeleton (D:6)
  11 adders
  3 river rats (Sewer)
  A white imp (D:6)
  3 ufetubi
  2 worms (D:3)
  A dart slug (D:1)
  22 orcs
  8 ball pythons
  5 bats
  13 endoplasms
  5 giant cockroaches
  5 goblins
  5 hobgoblins
  10 jackals
  12 kobolds
  7 quokkas
  16 frilled lizards
  9 rats
213 creatures vanquished.

Vanquished Creatures (others)
  13 plants
13 creatures vanquished.

Grand Total: 226 creatures vanquished

Notes
Turn   | Place    | Note
-------+----------+-------------------------------------------
     0 | D:1      | baba the Minotaur Berserker began the quest for the Orb.
     0 | D:1      | Reached XP level 1. HP: 19/19 MP: 0/0
   266 | D:1      | Reached XP level 2. HP: 26/27 MP: 1/1
   327 | D:1      | Reached skill level 4 in Axes
   727 | D:1      | Found a faded altar of an unknown god.
   827 | D:1      | Reached ** piety under Trog
   828 | D:1      | Reached XP level 3. HP: 33/33 MP: 2/2
  1142 | D:2      | Found a radiant altar of Vehumet.
  1142 | D:2      | Noticed Natasha
  1149 | D:2      | Killed Natasha
  1284 | D:2      | Noticed Natasha
  1291 | D:2      | Killed Natasha
  1292 | D:2      | Reached XP level 4. HP: 25/41 MP: 3/3
  1323 | D:2      | Noticed Natasha
  1334 | D:2      | HP: 1/41 [Natasha/magic dart (5)]
  1335 | D:2      | Killed Natasha
  1336 | D:2      | Reached skill level 5 in Axes
  1734 | D:2      | Reached XP level 5. HP: 47/47 MP: 4/4
  1854 | D:3      | Noticed an ice beast
  1863 | D:3      | Killed an ice beast
  1864 | D:3      | Reached skill level 5 in Fighting
  1864 | D:3      | Reached skill level 1 in Stealth
  2574 | D:3      | Found an iron altar of Okawaru.
  2574 | D:3      | Found an ancient bone altar of Kikubaaqudgha.
  2747 | D:3      | Found a sparkling altar of Nemelex Xobeh.
  2804 | D:4      | Reached XP level 6. HP: 56/56 MP: 5/5
  2824 | D:4      | Found a glowing drain.
  2843 | Sewer    | Entered a sewer
  3148 | Sewer    | Reached skill level 6 in Axes
  3430 | Sewer    | Reached *** piety under Trog
  3544 | Sewer    | Reached XP level 7. HP: 60/62 MP: 6/6
  3731 | Sewer    | Reached skill level 7 in Axes
  4241 | D:4      | Found a runed translucent door.
  4246 | D:4      | Noticed Sobieck's ghost (novice OpBr)
  4285 | D:4      | Found a sacrificial altar of Ru.
  4668 | D:4      | Reached **** piety under Trog
  5040 | D:4      | Reached skill level 8 in Axes
  5050 | D:4      | Killed Sobieck's ghost
  5051 | D:4      | Reached skill level 5 in Dodging
  5051 | D:4      | Reached XP level 8. HP: 66/71 MP: 7/7
  5094 | D:5      | Entered Level 5 of the Dungeon
  5094 | D:5      | Found a staircase to the Ecumenical Temple.
  5196 | D:5      | Found Lounnax's Assorted Antiques.
  5208 | D:5      | Bought a battleaxe for 143 gold pieces
  5208 | D:5      | Bought a scroll labelled YPRIRU TOTUD for 22 gold pieces
  5343 | D:5      | Noticed Blork the orc
  5351 | D:5      | Killed Blork the orc
  5352 | D:5      | Reached skill level 9 in Axes
  5507 | D:5      | Noticed Eustachio
  5519 | D:5      | Killed Eustachio
  5639 | D:5      | You fall into a shaft and drop 2 floors!
  5808 | D:6      | Reached skill level 10 in Axes
  6410 | D:6      | Noticed Edmund
  6411 | D:6      | Reached XP level 9. HP: 81/81 MP: 8/8
  6423 | D:6      | Killed Edmund
  7084 | D:7      | Reached skill level 5 in Armour
  7266 | D:7      | Identified the +2 falchion of Cheese {antimagic, Int+2}
  7370 | D:7      | Found a glowing silver altar of Zin.
  7981 | D:8      | Found an ornate altar of the Wu Jian Council.
  8566 | D:8      | Found a staircase to the Lair.
  8567 | D:8      | Noticed a komodo dragon
  8588 | D:8      | Killed a komodo dragon
  8983 | Lair:1   | Entered Level 1 of the Lair of Beasts
  9021 | Lair:1   | Reached skill level 11 in Axes
  9021 | Lair:1   | Reached XP level 10. HP: 67/89 MP: 9/9
  9026 | Lair:1   | Reached ***** piety under Trog
  9039 | Lair:1   | Reached skill level 12 in Axes
  9139 | Lair:1   | HP: 2/89 [yak (12)]
  9146 | Lair:1   | HP: 4/89 [water moccasin (1)]
  9149 | Lair:1   | Slain by a yak

Illustrated notes

Levels and vault maps discovered:
D:1:      dpeg_arrival_stone_temple_mockup, layout_loops_cross,
          chequers_ecumenical_altar_grove
D:2:      layout_rooms, basic_altar, uniq_natasha
D:3:      layout_basic, nemelex_diamond_rough_becter,
          gammafunk_temple_overflow_pools, grunt_decor_junction,
          minmay_misc_feat_chi, minmay_pentangle
D:4:      layout_loops_ring, nicolae_ru_awakened_eye, ebering_ghost_sewer_d,
          portal_sewer_entry_f, minmay_lizard_king
D:5:      layout_gridville, minmay_temple_entry_butterflies, serial_shops,
          nicolae_shop_statue_plus, uniq_eustachio, uniq_blork_the_orc
D:6:      layout_loops_ring, hangedman_abyss_or_decor_passed,
          kennysheep_pointless_box, minmay_misc_feat_five, uniq_edmund
D:7:      layout_gridville, mainiacjoe_overflow_small_starburst
D:8:      layout_rooms, pdpol_wu_jian_five_deadly_venoms, david_lair_shrubbed,
          minivault_11, columned_hall_lemuel, chequers_serial_rivers_room_a
Lair:1:   layout_chaotic_city, nzn_sisyphean_effort, minmay_lair_oklob_chamber,
          infiniplex_staircase_pool_2, grunt_megastairs_3

Skill      XL: |  1  2  3  4  5  6  7  8  9 10 |
---------------+-------------------------------+-----
Fighting       | 4 5 6 8 |  8.3
Axes           | 4 5 6 8 10 11 12 | 12.6
Dodging        | 3 5 |  5.1
Stealth        | 1 2 3 |  3.2
Armour         | 9 |  9.3

Action                   |  1- 3 |  4- 6 |  7- 9 | 10-12 || total
-------------------------+-------+-------+-------+-------++-------
Melee: Hand axe          |    65 |   114 |   359 |    57 ||   595
       Headbutt          |     8 |    15 |    80 |    21 ||   124
Invok: Berserk           |       |       |     1 |       ||     1
  Use: Scroll            |     1 |       |     1 |       ||     2
       Potion            |       |     1 |       |       ||     1
 Stab: Sleeping          |     1 |     4 |     3 |       ||     8
Armor: Animal skin       |    10 |    14 |    10 |       ||    34
       Ring mail         |       |       |    20 |       ||    20
       Chain mail        |       |       |    33 |    14 ||    47
Dodge: Dodged            |    34 |    60 |   215 |    11 ||   320

Table legend: (Time is in decaauts)
 A = Elapsed time spent in this place.
 B = Non-inter-level travel time spent in this place.
 C = Inter-level travel time spent in this place.
 D = Time resting spent in this place.
 E = Time spent auto-exploring this place.
 F = Levels seen in this place.
 G = Mean time per level.
                   A        B        C        D        E       F      G
               +--------+--------+--------+--------+--------+-----+--------+
         Total |   9252 |   9112 |    140 |    958 |   6776 |  10 |  925.2 |
       Dungeon |   7635 |   7495 |    140 |    703 |   5773 |   8 |  954.4 |
          Lair |    149 |    149 |      0 |      0 |     21 |   1 |  149.0 |
         Sewer |   1467 |   1467 |      0 |    255 |    981 |   1 | 1467.0 |
               +--------+--------+--------+--------+--------+-----+--------+

Top non-repeatable levels by time:
   Sewer: 1467 daAuts
     D:6: 1318 daAuts
     D:1: 1062 daAuts
     D:7: 993 daAuts
     D:8: 991 daAuts
     D:4: 986 daAuts
     D:3: 980 daAuts
     D:2: 764 daAuts
     D:5: 537 daAuts
  Lair:1: 149 daAuts
